 Dungeon Crawl Stone Soup version 0.21-a0-578-gc6e9d75 (webtiles) character file.

34 galech the Ruffian (level 3, -6/36 HPs)
             Began as a Troll Monk on Dec 18, 2017.
             Mangled by a gnoll
             ... wielding a +0 spear
              (7 damage)
             ... on level 1 of the Dungeon.
             The game lasted 00:01:43 (1151 turns).

galech the Ruffian (Troll Monk)                     Turns: 1151, Time: 00:01:44

Health: -6/36      AC:  5    Str: 23    XL:     3   Next: 14%
Magic:  2/2        EV: 10    Int:  6    God:
Gold:   34         SH:  0    Dex: 12    Spells: 2/2 levels left

rFire    . . .     SeeInvis .     - Unarmed
rCold    . . .     Gourm    +   (no shield)
rNeg     . . .     Faith    .   a - +0 robe
rPois    .         Spirit   .   (helmet restricted)
rElec    .         Reflect  .   (no cloak)
rCorr    .         Harm     .   (gloves unavailable)
MR       .....                  (boots unavailable)
Stlth    ++........             (no amulet)
HPRegen  0.52/turn              h - +3 ring of strength
MPRegen  0.08/turn              (no ring)

@: no status effects
A: large, unfitting armour, claws 3, fast metabolism 3, gourmand, regeneration
1, shaggy fur 1, tough skin 2
a: no special abilities


You were on level 1 of the Dungeon.
You were not hungry.

You visited 1 branch of the dungeon, and saw 2 of its levels.

You collected 34 gold pieces.

Inventory:

Armour
 a - a +0 robe (worn)
Jewellery
 h - a +3 ring of strength (left claw)
Scrolls
 c - a scroll of blinking {unknown}
 f - a scroll of teleportation {unknown}
 g - 2 scrolls of identify {unknown}
Potions
 d - 2 potions of haste {unknown}
 e - a potion of degeneration {unknown}
Comestibles
 b - 4 rations


   Skills:
 + Level 2.7 Fighting
 + Level 2.8 Dodging
 + Level 1.1 Stealth
 + Level 3.4 Unarmed Combat


You had 2 spell levels left.
You didn't know any spells.

Dungeon Overview and Level Annotations

Branches:
Dungeon (2/15)

Altars:


Innate Abilities, Weirdness & Mutations

You are too large for most types of armour.
You have claws for hands.
Your metabolism is lightning-fast.
You like to eat raw meat.
Your natural rate of healing is unusually fast.
You are covered in fur. (AC +1)
You have very tough skin. (AC +2)


Message History

There is a stone staircase leading down here.
You closely miss the gnoll. The gnoll hits you but does no damage.
You scratch the gnoll.
The gnoll is moderately wounded.
The gnoll hits you with a spear!
* * * LOW HITPOINT WARNING * * *
You barely miss the gnoll.
The gnoll is moderately wounded.
The gnoll hits you but does no damage.
You barely miss the gnoll.
The gnoll is moderately wounded.
The gnoll closely misses you.
You scratch the gnoll.
The gnoll is severely wounded.
The gnoll hits you with a spear.
* * * LOW HITPOINT WARNING * * *
You closely miss the gnoll.
The gnoll is severely wounded.
The gnoll hits you with a spear!
You die...

#.# #.##.##..#..###########.# #.#
#....................##.# # #.#
##.#....##.#.#####.####.# ###.#
##.#....##.#.# #.# #.# '.#.#
#..#.......#.# ###.####.#
#.#.###..........#.# #........###
#.#......#####...#.###.#.#.##....
#.#..........#..g#.....#.#.######
#.#.......##.#.#@#######.#.#
#.#.......##.#.### ##.#.#.#
#.#...(...##.#.######..#.#.#
#.#.......##.......##..#.#.#
..#.......####.###.##..#.#.#
###............# #.##..#.#.######
.........#########.##..#.#.......
####............................#
......#.##########.##..#.######.#


You could see a gnoll.

Vanquished Creatures
  A gnoll (D:2)
  An ooze (D:1)
  A dart slug (D:1)
  A giant cockroach (D:1)
  2 goblins
  A hobgoblin (D:1)
  5 kobolds
  A bat (D:2)
  5 frilled lizards
  3 rats
21 creatures vanquished.

Notes
Turn   | Place    | Note
-------+----------+-------------------------------------------
     0 | D:1      | galech the Troll Monk began the quest for the Orb.
     0 | D:1      | Reached XP level 1. HP: 22/22 MP: 0/0
   153 | D:1      | Reached XP level 2. HP: 27/29 MP: 1/1
  1143 | D:2      | Reached XP level 3. HP: 18/36 MP: 2/2
  1150 | D:1      | HP: 1/36 [gnoll/spear (5)]
  1151 | D:1      | Mangled by a gnoll

Vault maps used:
D:1:      dpeg_arrival_rhombus, hangedman_abyss_or_decor_lesser_grid
D:2:      first_ration, uniq_jessica

Action                   || total
-------------------------++-------
Melee: Unarmed           ||    59
       Punch             ||     2
 Stab: Sleeping          ||     2
  Eat: Chunk             ||     9
Armor: Robe              ||    15
Dodge: Dodged            ||    24

Table legend:
 A = Spawn XP
 B = Non-spawn XP
 C = Spawn XP percentage of total XP
 D = Spawn monster count
 E = Non-spawn monster count
 F = Spawn count percentage of total count
 G = Total turns spent on level
                    A         B        C        D         E        F      G
               +---------+---------+-------+---------+---------+-------+---------
         Total |       0 |      49 |   0.0 |       0 |      21 |   0.0 |  1151
               +---------+---------+-------+---------+---------+-------+---------
           D:1 |       0 |      27 |   0.0 |       0 |      14 |   0.0 |  1066
           D:2 |       0 |      22 |   0.0 |       0 |       7 |   0.0 |    85
               +---------+---------+-------+---------+---------+-------+---------
